 Dungeon Crawl Stone Soup version 0.29-a0-322-g68df515 (webtiles) character file.

Game seed: 5204799373056285271

9282 Nithhogg the Cleaver (level 11, -5/102 HPs)
             Began as a Hill Orc Fighter on Apr 9, 2022.
             Was a Follower of Qazlal.
             Slain by a cyan ugly thing (16 damage)
             ... on level 11 of the Dungeon.
             The game lasted 00:20:45 (14511 turns).

Nithhogg the Cleaver (Hill Orc Fighter)            Turns: 14511, Time: 00:20:45

Health: -5/102     AC: 19    Str: 23 (24) XL:     11   Next: 44%
Magic:  4/4        EV: 24    Int:  7 (8)  God:    Qazlal [*.....]
Gold:   648        SH:  1    Dex: 11 (12) Spells: 10/10 levels left

rFire   . . .      SeeInvis .   l - +2 broad axe (antimagic)
rCold   + . .      Faith    .   (no shield)
rNeg    . . .      Spirit   .   p - +1 plate armour
rPois   .          Reflect  .   (no helmet)
rElec   .          Harm     .   (no cloak)
rCorr   .          Rampage  .   (no gloves)
Will    .....                   (no boots)
Stlth   ..........              g - amulet of the acrobat
HPRegen 0.27/turn               i - ring of protection from cold
MPRegen 0.09/turn               o - +4 ring of protection

@: acrobatic
A: thin skeletal structure 1, deterioration 1
a: Renounce Religion


You were on level 11 of the Dungeon.
You worshipped Qazlal.
Qazlal was aware of your devotion.
You visited 2 branches of the dungeon, and saw 13 of its levels.

You collected 648 gold pieces.

Inventory:

Hand Weapons
 a - a +0 war axe
 l - a +2 antimagic broad axe (weapon)
 q - a +2 vorpal hand crossbow
 w - a +4 dire flail
 E - a +0 battleaxe
Missiles
 r - a throwing net (quivered)
Armour
 b - a +0 scale mail
 c - a +0 buckler
 p - a +1 plate armour (worn)
 z - the +1 leather armour of the Dwarven Hall {rElec rN+ Dex+3}
   (You took it off an orc wizard on level 9 of the Dungeon)

   Dex:       It affects your dexterity (+3).
   rElec:     It insulates you from electricity.
   rN:        It protects you from negative energy.
Jewellery
 g - an amulet of the acrobat (around neck)
 i - a ring of protection from cold (left hand)
 o - a +4 ring of protection (right hand)
 y - a ring of magical power
 D - an amulet of magic regeneration
Wands
 m - a wand of digging (8)
 t - a wand of acid (1)
 G - a wand of flame (7)
Scrolls
 e - 8 scrolls of identify
 j - 3 scrolls of magic mapping
 k - 2 scrolls of amnesia
 n - 3 scrolls of immolation
 s - a scroll of enchant weapon
 u - 6 scrolls of fog
 x - a scroll of acquirement {unknown}
 B - 2 scrolls of holy word {unknown}
 F - a scroll of noise {unknown}
Potions
 d - 2 potions of attraction
 f - 2 potions of brilliance
 h - 3 potions of degeneration
 v - a potion of haste
 A - a potion of might
 C - 2 potions of lignification


   Skills:
 + Level 11.0 Fighting
 + Level 11.6 Axes
 + Level 10.1 Armour
 + Level 7.1 Dodging
 - Level 3.4 Shields
 + Level 4.1 Invocations


You had 10 spell levels left.
You didn't know any spells.
Your spell library contained the following spells:

 Spells                   Type           Power      Damage    Failure   Level
 Slow                     Hex            0%         N/A       99%         1
 Summon Small Mammal      Summ           0%         N/A       99%         1
 Corpse Rot               Necr/Air       0%         N/A       100%        2
 Sublimation of Blood     Necr           0%         N/A       100%        2
 Call Canine Familiar     Summ           0%         N/A       100%        3
 Confusing Touch          Hex            0%         N/A       100%        3
 Inner Flame              Hex/Fire       0%         N/A       100%        3
 Ozocubu's Armour         Ice            0%         N/A       100%        3
 Summon Guardian Golem    Hex/Summ       0%         N/A       100%        3
 Vampiric Draining        Necr           0%         2d6       100%        3
 Animate Dead             Necr           0%         N/A       100%        4
 Cause Fear               Hex            0%         N/A       100%        4
 Olgreb's Toxic Radiance  Pois           0%         N/A       100%        4
 Metabolic Englaciation   Hex/Ice        0%         N/A       100%        5
 Eringya's Noxious Bog    Tmut/Pois      0%         N/A       100%        6
 Simulacrum               Ice/Necr       0%         N/A       100%        6
 Ozocubu's Refrigeration  Ice            0%         4d5       100%        7
 Discord                  Hex            0%         N/A       100%        8
 Ignition                 Fire           0%         3d3       100%        8


Dungeon Overview and Level Annotations

Branches:
Dungeon (12/15)            Temple (1/1) D:5            Lair (0/6) D:9
    Orc: D:9-12

Altars:
Ashenzari
Cheibriados
Dithmenos
Elyvilon
Fedhas
Gozag
Hepliaklqana
Kikubaaqudgha
Makhleb
Nemelex Xobeh
Okawaru
Qazlal
Ru
Sif Muna
Trog
Uskayaw
Vehumet
Wu Jian
Xom
Yredelemnul
Zin
The Shining One

Shops:
D:5 [:   D:8 [   D:9 (


Innate Abilities, Weirdness & Mutations

You have a somewhat thin skeletal structure. (Dex +2, Stealth+)
Your body sometimes deteriorates upon taking damage.


Message History

The cyan ugly thing engulfs you but does no damage.
You hit the cyan ugly thing.
The cyan ugly thing is moderately wounded.
The cyan ugly thing engulfs you but does no damage.
You hit the cyan ugly thing.
The cyan ugly thing is moderately wounded.
The cyan ugly thing engulfs you but does no damage.
You hit the cyan ugly thing.
The cyan ugly thing is moderately wounded.
The cyan ugly thing engulfs you but does no damage.
You hit the cyan ugly thing but do no damage.
The cyan ugly thing is moderately wounded.
The cyan ugly thing engulfs you. The cyan ugly thing shocks you!
You slash the cyan ugly thing!
The cyan ugly thing is heavily wounded.
The cyan ugly thing engulfs you. The cyan ugly thing shocks you!
You slash the cyan ugly thing!
The cyan ugly thing is severely wounded.
The cyan ugly thing engulfs you. The cyan ugly thing shocks you!
The cyan ugly thing engulfs you.
* * * LOW HITPOINT WARNING * * *
The cyan ugly thing shocks you!
* * * LOW HITPOINT WARNING * * *
You are too injured to fight recklessly!
You are too injured to fight recklessly!
You are too injured to fight recklessly!
You are too injured to fight recklessly!
You are too injured to fight recklessly!
You are too injured to fight recklessly!
You are too injured to fight recklessly!
You are too injured to fight recklessly!
The cyan ugly thing attacks as you move away!
The cyan ugly thing engulfs you but does no damage.
The cyan ugly thing attacks as you move away!
The cyan ugly thing completely misses you.
The cyan ugly thing attacks as you move away!
The cyan ugly thing engulfs you!
* * * LOW HITPOINT WARNING * * *
The cyan ugly thing shocks you!
You die...

##########..#...#...#####...#...#
............#...#...#...#...#...#
.............#.###.#.....#.###.#.
..###........##...###...###...###
### #................###.........
#####........................
#........................
#........#####...........
#.......@#...#...........
#.......u#...'...........
########........#...#..........#
................#...#..........#
....#####.......+...#..........#
. #......)#####..........#
#...###)...............# #...#
#................. #...#
#...........#####.


You could see a cyan ugly thing.

Vanquished Creatures
  A centaur warrior (D:10)
  Pikel (D:7)
  A gargoyle (D:12)
  3 trolls
  A wraith (D:11)
  A shadow (D:10)
  14 yaks
  A basilisk (D:12)
  Menkaure (D:5)
  A steam dragon (D:10)
  4 vampire mosquitoes (D:12)
  An acid dragon (D:9)
  A water moccasin (D:8)
  Duvessa (D:7)
  4 sky beasts
  2 orc warriors
  5 ogres
  2 black bears (D:5)
  3 wolves (D:9)
  2 centaurs (D:12)
  2 lemures (D:7)
  A kobold brigand (D:6)
  3 bullfrogs
  2 scorpions
  3 necrophages
  8 wights
  Dowan (D:7)
  7 howler monkeys
  3 electric eels
  A jelly (D:6)
  5 orc priests
  7 hounds
  7 iguanas
  9 orc wizards
  A gnoll (D:6)
  8 adders
  A shadow imp (D:6)
  A white imp (D:6)
  2 ufetubi
  A worm (D:3)
  3 dart slugs
  31 orcs
  5 endoplasms
  2 giant cockroaches
  6 hobgoblins
  5 jackals
  2 quokkas
  5 ball pythons
  4 bats (D:1)
  4 frilled lizards
  5 goblins
  18 kobolds
  4 rats
217 creatures vanquished.

Vanquished Creatures (others)
  2 yaks (D:10)
2 creatures vanquished.

Grand Total: 219 creatures vanquished

Notes
Turn   | Place    | Note
-------+----------+-------------------------------------------
     0 | D:1      | Nithhogg the Hill Orc Fighter began the quest for the Orb.
     0 | D:1      | Reached XP level 1. HP: 19/19 MP: 1/1
   152 | D:1      | Reached XP level 2. HP: 20/27 MP: 2/2
   678 | D:1      | Reached XP level 3. HP: 33/33 MP: 3/3
  1129 | D:2      | Found a sacrificial altar of Ru.
  1129 | D:2      | Found a faded altar of an unknown god.
  1354 | D:2      | Reached skill level 1 in Dodging
  1395 | D:2      | Reached XP level 4. HP: 40/40 MP: 4/4
  2621 | D:4      | Reached XP level 5. HP: 20/47 MP: 3/5
  2943 | D:4      | Noticed an ogre
  3223 | D:4      | Found a sparkling altar of Nemelex Xobeh.
  3223 | D:4      | Found an opulent altar of Gozag.
  3267 | D:4      | Killed an ogre
  3268 | D:4      | Reached skill level 5 in Fighting
  3268 | D:4      | Reached XP level 6. HP: 14/56 MP: 6/6
  4087 | D:4      | Reached skill level 5 in Axes
  4158 | D:4      | Reached skill level 5 in Armour
  4331 | D:5      | Entered Level 5 of the Dungeon
  4331 | D:5      | Noticed a black bear
  4416 | D:5      | Found a shadowy altar of Dithmenos.
  4436 | D:5      | Noticed a sky beast
  4448 | D:5      | Killed a sky beast
  4449 | D:5      | Reached XP level 7. HP: 53/62 MP: 7/7
  4694 | D:5      | Noticed Menkaure
  4701 | D:5      | Killed Menkaure
  4702 | D:5      | Reached XP level 8. HP: 48/71 MP: 8/8
  4835 | D:5      | Found Suikolojos's Self-Improvement Boutique.
  5216 | D:5      | Found Torrugem's Armour Boutique.
  5450 | D:5      | Found a staircase to the Ecumenical Temple.
  5456 | Temple   | Entered the Ecumenical Temple
  6542 | D:6      | Reached XP level 9. HP: 75/79 MP: 9/9
  7789 | D:7      | Found a hide-covered altar of Uskayaw.
  7877 | D:7      | Noticed Duvessa
  7878 | D:7      | Noticed Dowan
  7882 | D:7      | Noticed Pikel
  8259 | D:7      | Killed Dowan
  8264 | D:7      | HP: 3/78 [poisoned by Dowan]
  8698 | D:7      | Killed Pikel
  8699 | D:7      | Reached skill level 5 in Dodging
  9197 | D:7      | Killed Duvessa
  9686 | D:8      | Reached XP level 10. HP: 79/91 MP: 3/10
  9936 | D:8      | Found Ovet Pol's Antique Armour Shop.
 10101 | D:9      | Gained mutation: You have a somewhat thin skeletal
                  | structure. (Dex +2, Stealth+) [potion of mutation]
 10101 | D:9      | Gained mutation: Your body sometimes deteriorates upon
                  | taking damage. [potion of mutation]
 10116 | D:9      | Reached skill level 10 in Axes
 10589 | D:9      | Found a staircase to the Lair.
 10627 | D:9      | Reached skill level 10 in Fighting
 11126 | D:9      | Identified the +1 leather armour of the Dwarven Hall {rElec
                  | rN+ Dex+3}
 11309 | D:9      | Found Xusuish's Antique Weapon Shoppe.
 11489 | D:9      | Found a stormy altar of Qazlal.
 11490 | D:9      | Found a shimmering blue altar of Sif Muna.
 11490 | D:9      | Found a sacrificial altar of Ru.
 11491 | D:9      | Found a snail-covered altar of Cheibriados.
 11491 | D:9      | Found a white marble altar of Elyvilon.
 11494 | D:9      | Became a worshipper of Qazlal Stormbringer
 11687 | D:10     | Entered Level 10 of the Dungeon
 11956 | D:10     | Reached skill level 1 in Invocations
 12222 | D:10     | Noticed a centaur warrior
 12240 | D:10     | Killed a centaur warrior
 12241 | D:10     | Reached XP level 11. HP: 86/101 MP: 4/12
 12326 | D:10     | Got Caczor's Guide on Mutagenic Evil Rites
 13144 | D:11     | You fall into a shaft and drop 1 floor!
 13258 | D:12     | Reached skill level 10 in Armour
 13499 | D:12     | Reached * piety under Qazlal
 13794 | D:12     | Noticed a skeletal warrior
 13795 | D:12     | Noticed a skeletal warrior
 13797 | D:12     | Noticed a skeletal warrior
 14489 | D:11     | Noticed a cyan ugly thing
 14511 | D:11     | Slain by a cyan ugly thing

Illustrated notes

Levels and vault maps discovered:
D:1:      dpeg_arrival_subterranean_lakeside_camping, layout_basic
D:2:      layout_rooms, basic_altar, ebering_ecumenical_altar_box
D:3:      layout_loops_ring
D:4:      layout_loops_ring, grunt_temple_overflow_opulence
D:5:      layout_loops_cross, lemuel_coloured_pillars_altar,
          minmay_temple_entry_hall, serial_shops, nicolae_shop_statue_plus,
          nicolae_shop_self_help, uniq_menkaure
D:6:      minmay_angry_zag, layout_loops_ring, fountainhead
D:7:      layout_rooms, mainiacjoe_overflow_alcove_2, uniq_duvessa, uniq_pikel
D:8:      layout_loops_ring, nicolae_take_the_stairs
D:9:      layout_rooms, grunt_temple_overflow_open, erik_lair_island,
          serial_shops, shop
D:10:     layout_loops_ring, lemuel_flamethrower_2
D:11:     nicolae_cairo_tiling, layout_irregular_city
D:12:     layout_basic, minmay_orc_entry_guard_dogs
Temple:   nicolae_temple_figure_eight

Skill      XL: |  1  2  3  4  5  6  7  8  9 10 11 |
---------------+----------------------------------+-----
Axes           | 3 4 5 6 7 9 11 | 11.6
Fighting       | 4 5 6 7 9 10 11 | 11.0
Dodging        | 1 2 3 4 5 6 7 |  7.1
Armour         | 4 5 6 8 9 10 | 10.1
Invocations    | 2 4 |  4.1
Shields        | |  3.4

Action                   |  1- 3 |  4- 6 |  7- 9 | 10-12 || total
-------------------------+-------+-------+-------+-------++-------
Melee: War axe           |    82 |   137 |   196 |       ||   415
       Punch             |       |     1 |     3 |     3 ||     7
       Broad axe         |       |       |    48 |   290 ||   338
Evoke: Wand              |       |       |     5 |       ||     5
  Use: Scroll            |       |     5 |     8 |     1 ||    14
       Potion            |       |     2 |     7 |     4 ||    13
 Stab: Invisible         |       |       |     1 |       ||     1
Armor: Scale mail        |    48 |    90 |    16 |       ||   154
       Plate armour      |       |       |   134 |   207 ||   341
       Skin              |       |       |    32 |       ||    32
Dodge: Dodged            |    36 |    95 |   135 |   178 ||   444
Block: Buckler           |     3 |       |       |       ||     3
       Other             |       |       |       |     4 ||     4

Table legend: (Time is in decaauts)
 A = Elapsed time spent in this place.
 B = Non-inter-level travel time spent in this place.
 C = Inter-level travel time spent in this place.
 D = Time resting spent in this place.
 E = Time spent auto-exploring this place.
 F = Levels seen in this place.
 G = Mean time per level.
                   A        B        C        D        E       F      G
               +--------+--------+--------+--------+--------+-----+--------+
         Total |  14617 |  14231 |    386 |   1716 |  10442 |  13 | 1124.4 |
       Dungeon |  14413 |  14038 |    375 |   1716 |  10252 |  12 | 1201.1 |
        Temple |    203 |    192 |     11 |      0 |    190 |   1 |  203.0 |
               +--------+--------+--------+--------+--------+-----+--------+

Top non-repeatable levels by time:
     D:7: 1861 daAuts
     D:4: 1686 daAuts
     D:5: 1458 daAuts
     D:6: 1390 daAuts
     D:9: 1316 daAuts
     D:1: 1149 daAuts
     D:8: 1147 daAuts
    D:10: 1107 daAuts
    D:12: 989 daAuts
     D:2: 872 daAuts
    D:11: 734 daAuts
     D:3: 699 daAuts
  Temple: 203 daAuts
